 Dungeon Crawl Stone Soup version 0.28-a0-823-gb444dcf96d (webtiles) character file.

Game seed: 11109841358613541912

451058 Essalna the Sorcerer (level 22, -12/192 HPs)
             Began as a Demonspawn Fire Elementalist on Nov 10, 2021.
             Was the Champion of Vehumet.
             Shot with a bolt by something (28 damage)
             ... on level 5 of the Vaults.
             The game lasted 03:30:04 (57500 turns).

Essalna the Sorcerer (DsFE)                        Turns: 57500, Time: 03:30:05

Health: -12/192    AC: 30    Str: 11    XL:     22   Next: 89%
Magic:  46/56      EV: 10    Int: 33    God:    Vehumet [******]
Gold:   1940       SH:  8    Dex: 10    Spells: 27/63 levels left

rFire   + + .      SeeInvis .   S - +3 Elemental Staff {rElec rF++ rC++ AC+5}
rCold   + + +      Faith    .   H - +0 buckler {rN+}
rNeg    + . .      Spirit   .   Q - +6 scale mail of Gemiew {Regen+ Int+6 Slay-6 Stlth+}
rPois   .          Reflect  .   d - +1 helmet {Int+3}
rElec   +          Harm     .   C - scarf {rC+ rF+}
rCorr   .          Rampage  .   h - +1 pair of gloves of Classification {rElec Will+ Str+2 Dex-4}
Will    ++...                   (boots unavailable)
Stlth   +.........              V - amulet of magic regeneration
HPRegen 1.42/turn               T - ring of magical power
MPRegen 0.60/turn               Z - ring of ice

@: unable to drink, corroded, very slightly contaminated
A: hooves 3, thin metallic scales 3, demonic guardian 3, icemail 2, condensation
shield, clumsy 1
}: 3/15 runes: serpentine, barnacled, abyssal
a: Renounce Religion


You were on level 5 of the Vaults.
You worshipped Vehumet.
Vehumet was exalted by your worship.
You visited 7 branches of the dungeon, and saw 39 of its levels.
You visited the Abyss 2 times.
You also visited: Ice Cave and Wizlab.

You collected 3874 gold pieces.
You spent 1934 gold pieces at shops.

Inventory:

Hand Weapons
 S - the +3 Elemental Staff (weapon) {rElec rF++ rC++ AC+5}
   (You acquired it on level 15 of the Dungeon)

   If the wielder is skilled in Evocations, they can discharge powerful blasts
   of elemental energy when striking with it.
   It enhances your fire, ice, earth and air magic.
   AC:        It affects your AC (+5).
   rF:        It greatly protects you from fire.
   rC:        It greatly protects you from cold.
   rElec:     It insulates you from electricity.
Armour
 d - a +1 helmet of intelligence (worn)
 h - the +1 pair of gloves of Classification (worn) {rElec Will+ Str+2 Dex-4}
   (You found it on level 4 of the Snake Pit)

   Str:       It affects your strength (+2).
   Dex:       It affects your dexterity (-4).
   rElec:     It insulates you from electricity.
   Will:      It increases your willpower.
 q - the +0 kite shield "Romum" {rElec rC+}
   (You found it on level 3 of the Elven Halls)

   rC:        It protects you from cold.
   rElec:     It insulates you from electricity.
 r - a +2 robe of willpower
 z - a +2 robe of the Archmagi
 C - a scarf of resistance (worn)
 H - a +0 buckler of positive energy (worn)
 Q - the +6 scale mail of Gemiew (worn) {Regen+ Int+6 Slay-6 Stlth+}
   (You took it off a deep elf blademaster on level 3 of the Elven Halls)

   Int:       It affects your intelligence (+6).
   Slay:      It affects your accuracy & damage with ranged weapons and melee
   (-6).
   Regen:     It increases your rate of health regeneration.
   Stlth:     It makes you more stealthy.
Magical Staves
 b - a staff of earth
 w - a staff of cold
 R - a staff of death
Jewellery
 g - a ring of willpower
 i - the ring "Roboeg" {rF+ Str+6}
   (You took it off a deep elf annihilator on level 3 of the Elven Halls)

   [ring of strength]

   Str:       It affects your strength (+6).
   rF:        It protects you from fire.
 k - a ring of poison resistance
 s - an amulet of regeneration
 v - an amulet of reflection
 x - a +4 ring of protection
 y - a ring of willpower
 D - a ring of resist corrosion
 E - the ring of Makhleb's Pride {Fire Contam rN++ Dex+5}
   (You took it off a deep elf sorcerer on level 3 of the Elven Halls)

   [ring of fire]

   It enhances your fire magic.
   Dex:       It affects your dexterity (+5).
   rF:        It protects you from fire.
   rC:        It makes you vulnerable to cold.
   rN:        It greatly protects you from negative energy.
   Contam:    It causes magical contamination when unequipped.
 G - a +6 ring of strength
 M - a ring of wizardry
 T - a ring of magical power (left hand)
 V - an amulet of magic regeneration (around neck)
 W - the ring "Ziesoedi" {Int+4 SInv}
   (You took it off a deep elf master archer on level 3 of the Elven Halls)

   [ring of see invisible]

   Int:       It affects your intelligence (+4).
   SInv:      It lets you see invisible.
 Z - a ring of ice (right hand)
Wands
 O - a wand of digging (1)
 Y - a wand of mindburst (10)
Scrolls
 c - a scroll of summoning
 e - 27 scrolls of identify
 f - 3 scrolls of blinking
 j - 2 scrolls of brand weapon
 l - 5 scrolls of enchant weapon
 m - 9 scrolls of enchant armour
 o - 4 scrolls of fear
 p - 15 scrolls of teleportation
 F - 3 scrolls of magic mapping
 K - 7 scrolls of amnesia
 U - 3 scrolls of silence
 X - 3 scrolls of fog
Potions
 a - 11 potions of curing
 n - 5 potions of heal wounds
 t - 9 potions of flight
 u - 5 potions of haste
 A - 5 potions of brilliance
 B - 3 potions of resistance
 I - 4 potions of magic
 J - 3 potions of ambrosia
 L - 4 potions of cancellation
 N - 5 potions of might
 P - 5 potions of invisibility


   Skills:
 + Level 20.5 Fighting
 - Level 5.1 Armour
 - Level 6.0 Dodging
 - Level 1.7 Stealth
 - Level 4.0 Shields
 + Level 21.2 Spellcasting
 - Level 11.0 Conjurations
 - Level 14.2 Necromancy
 + Level 16.6 Fire Magic
 + Level 16.7 Ice Magic


You had 27 spell levels left.
You knew the following spells:

 Your Spells              Type           Power      Damage    Failure   Level
a - Foxfire               Conj/Fire      100%       2x1d9     0%          1
b - Scorch                Fire           100%       2d10      0%          2
c - Flame Wave            Conj/Fire      100%       3d16      1%          4
d - Ozocubu's Refrigerat  Ice            72%        4d19      1%          7
e - Starburst             Conj/Fire      56%        6d15      1%          6
f - Iron Shot             Conj/Erth      41%        9d8       19%         6
g - Sublimation of Blood  Necr           91%        N/A       1%          2
h - Ignition              Fire           60%        3d16      9%          8

Your spell library contained the following spells:

 Spells                   Type           Power      Damage    Failure   Level
 Fire Storm               Conj/Fire      56%        8d14      97%         9
 Lehudib's Crystal Spear  Conj/Erth      41%        10d10     99%         8
 Shatter                  Erth           25%        3d22*     100%        9
 Freeze                   Ice            100%       1d11      0%          1
 Pain                     Necr           100%       1d9       0%          1
 Frozen Ramparts          Ice            100%       1d12      0%          3
 Ozocubu's Armour         Ice            100%       N/A       0%          3
 Shock                    Conj/Air       100%       1d9       1%          1
 Corpse Rot               Necr/Air       100%       N/A       1%          2
 Poisonous Vapours        Pois/Air       100%       N/A       1%          2
 Conjure Flame            Conj/Fire      100%       6-21      1%          3
 Inner Flame              Hex/Fire       94%        N/A       1%          3
 Animate Dead             Necr           45%        N/A       1%          4
 Dispel Undead            Necr           91%        3d29      1%          4
 Fulminant Prism          Conj/Hex       31%        3d16      1%          4
 Hailstorm                Conj/Ice       100%       3d20      1%          4
 Iskenderun's Mystic Bla  Conj/Tloc      63%        2d13      1%          4
 Fireball                 Conj/Fire      56%        3d22      1%          5
 Freezing Cloud           Conj/Ice/Air   72%        6-21      1%          5
 Iskenderun's Battlesphe  Conj           82%        2d13      1%          5
 Death Channel            Necr           45%        N/A       1%          6
 Simulacrum               Ice/Necr       71%        N/A       1%          6
 Beastly Appendage        Tmut           70%        N/A       4%          1
 Summon Small Mammal      Summ           100%       N/A       4%          1
 Irradiate                Conj/Tmut      31%        3d24      4%          5
 Metabolic Englaciation   Hex/Ice        58%        N/A       4%          5
 Wereblood                Tmut           35%        N/A       7%          2
 Borgnjor's Vile Clutch   Necr/Erth      44%        N/A       7%          5
 Airstrike                Air            25%        N/A       13%         4
 Olgreb's Toxic Radiance  Pois           35%        N/A       13%         4
 Call Canine Familiar     Summ           35%        N/A       14%         3
 Spider Form              Tmut/Pois      35%        N/A       14%         3
 Summon Guardian Golem    Hex/Summ       35%        N/A       14%         3
 Swiftness                Air            51%        N/A       14%         3
 Tukima's Dance           Hex            35%        N/A       14%         3
 Lee's Rapid Deconstruct  Erth           25%        3d15*     32%         5
 Yara's Violent Unravell  Hex/Tmut       17%        3d8       32%         5
 Cause Fear               Hex            17%        N/A       43%         4
 Passage of Golubria      Tloc           35%        N/A       43%         4
 Petrify                  Tmut/Erth      51%        N/A       43%         4
 Borgnjor's Revivificati  Necr           45%        N/A       65%         8
 Infestation              Necr           45%        N/A       65%         8
 Spellforged Servitor     Conj/Summ      31%        N/A       67%         7
 Polar Vortex             Ice            72%        N/A       73%         9
 Statue Form              Tmut/Erth      34%        N/A       100%        6
 Dragon Form              Tmut           17%        N/A       100%        7
 Summon Hydra             Summ           17%        N/A       100%        7
 Discord                  Hex            17%        N/A       100%        8
 Necromutation            Tmut/Necr      35%        N/A       100%        8
 Death's Door             Necr           45%        N/A       100%        9
 Dragon's Call            Summ           17%        N/A       100%        9


Dungeon Overview and Level Annotations

Branches:
Dungeon (15/15)            Temple (0/1) D:5            Lair (6/6) D:10
 Shoals (4/4) Lair:4        Snake (4/4) Lair:2        Slime (0/5) Lair:5
    Orc (2/2) D:9             Elf (3/3) Orc:2        Vaults (5/5) D:14
  Crypt (0/3) Vaults:3     Depths (0/4) D:15          IceCv (visited)
 WizLab (visited)

Altars:
Ashenzari
Cheibriados
Gozag
Hepliaklqana
Kikubaaqudgha
Qazlal
Sif Muna
Uskayaw
Vehumet
Beogh

Shops:
D:1 =   D:2 =   D:10 [   D:11 =?   Orc:1 *   Orc:2 ?*::(   Elf:2 *   Elf:3 (
Shoals:1 ?   Snake:1 *=   Vaults:3 (   Vaults:4 [

Portals:
Trove: Vaults:4 (give horn of Geryon)

Annotations:
Lair:4 Nessos


Innate Abilities, Weirdness & Mutations

You have hooves in place of feet.
You are completely covered in thin metallic scales. (AC +4, rElec)
A powerful demonic guardian rushes to your aid.
A meltable icy envelope protects you from harm. (AC +8)
A meltable shield of frost defends you. (SH +4)
You are clumsy. (Dex -2)


Message History

The fireball engulfs the vault sentinel!!
You kill the vault sentinel!
Vehumet accepts your kill.
You feel your power returning.
The fireball engulfs the hell knight.
The hell knight completely resists.
The fireball engulfs the cacodemon!
The cacodemon is severely wounded.
The fireball engulfs something!!
Vehumet accepts your kill.
You feel your power returning.
Reactivating autopickup.
The cacodemon disappears in a puff of smoke!
You feel a bit more experienced.
The vault warden hits your cacodemon with a +0 battleaxe of flaming!!
The vault warden burns your cacodemon.
The vault warden drinks a potion.
The vault warden flickers and vanishes!
Deactivating autopickup; reactivate with Ctrl-A.
The fire giant casts a spell at you. The bolt of fire misses you.
The hell knight casts a spell.
The hell knight seems to speed up.
Your cacodemon hits the vault warden but does no damage.
Your cacodemon barely misses the vault warden.
You have finished your manual of Spellcasting and toss it away.
Casting: Ignition (dangerous; 9% risk of failure)
Confirm with . or Enter, or press ? or * to list all spells.
Casting: Ignition (dangerous; 9% risk of failure)
Press: ? - help, Dir - look around, f - activate You feel a surge of power!
The air bursts into flame!
The fireball engulfs the stone giant!!
The stone giant is severely wounded.
The fireball engulfs the hell knight.
The hell knight completely resists.
The fireball engulfs the shadow dragon!!
The shadow dragon is severely wounded.
The fireball engulfs something!!
The fireball engulfs the fire giant.
The fire giant resists.
The fire giant is lightly wounded.
The sentinel's mark upon you fades away.
You hear a thunk.
A bolt appears from out of thin air!
The bolt hits you!!
You die...

..##..##....#..
.......#....#.#
.[..c..#....#)# ###
#.)).#....#)###.....
#.(†).[.p[.)C)......
######)[[§2c..########
......[(§§C§§........
......)[<§§§§[.......
.....C.[[§@§2[.......
.......)[§§§§........
######..[§§§†.########
...)))....[D).......
#....(#...[#).....C..
#.....#....#L.####...
#[{!..#....#.(p..# .
.######....#.......#
#....#..####..#


You could see a shadow dragon, an ancient lich (fast), a fire giant, a stone
giant, a hell knight (fast) and a friendly lorocyproca (summoned, invisible).

Vanquished Creatures
  A dread lich (Vaults:5)
  Mara (Shoals:4)
  Saint Roka (Vaults:4)
  Vashnia (Snake:4)
  Jory (Vaults:2)
  A golden dragon (Vaults:5)
  A bone dragon (Vaults:3)
  A tentacled monstrosity (Vaults:5)
  Mlioglotl (Shoals:3)
  A lich (Vaults:5)
  2 deep elf master archers (Elf:3)
  2 deep elf blademasters
  3 titans
  2 sphinxes
  3 storm dragons (Vaults:5)
  2 ancient champions (WizLab)
  2 tengu reavers
  A tentacled starspawn (Abyss:3)
  Agnes (Snake:1)
  A kraken (Shoals:4)
  An azure jelly (IceCv)
  2 revenants (WizLab)
  6 nagarajas (Snake:4)
  7 deep elf sorcerers
  3 frost giants
  An orc warlord (Vaults:3)
  2 fire giants
  9 vault wardens
  Louise (Shoals:4)
  2 deep elf elementalists (Elf:3)
  9 very ugly things
  18 ironbound preservers
  2 war gargoyles
  3 quicksilver oozes (IceCv)
  3 stone giants (Vaults:5)
  4 deep elf demonologists (Elf:3)
  8 dire elephants
  2 entropy weavers
  4 halazid warlocks (WizLab)
  8 deep elf annihilators
  11 merfolk javelineers
  A crystal guardian (Vaults:3)
  9 ettins
  2 spectral quicksilver dragons (WizLab)
  9 deep elf death magi
  2 fire dragons
  3 great orbs of eyes
  16 yaktaur captains
  4 merfolk impalers
  Fannar (D:12)
  2 jiangshi (WizLab)
  Erolcha (Orc:2)
  7 deep elf high priests
  9 ironbound thunderhulks
  A rakshasa (D:15)
  A salamander tyrant (Snake:4)
  An alligator snapping turtle (Shoals:4)
  An ogre mage (Vaults:5)
  A peacekeeper (Vaults:3)
  6 boulder beetles
  22 naga warriors
  3 catoblepae
  5 hydras
  The ghost of Tioph the Thaumaturge, a journeyman DEFE of Vehumet (D:14)
  A death knight (D:15)
  9 merfolk avatars
  37 vault guards
  Erica (D:8)
  7 ironbound frosthearts
  24 centaur warriors
  A satyr (Shoals:4)
  6 merfolk aquamancers
  2 tengu warriors
  9 two-headed ogres
  6 anacondas
  A deep troll shaman (Lair:6)
  2 vampire magi (WizLab)
  20 dancing weapons
  Urug (Orc:2)
  8 shock serpents
  5 death yaks (Lair:6)
  A deep troll earth mage (Vaults:5)
  18 deep elf knights
  5 orc high priests (Orc:2)
  The ghost of MacCMillion the Skirmisher, a novice TrMo of Kikubaaqudgha (D:6)
  16 naga sharpshooters
  A shock serpent (shapeshifter) (Elf:2)
  2 titan zombies (WizLab)
  Sonja (D:10)
  4 skeletal warriors (D:14)
  2 wretched stars (Abyss:3)
  2 shadow wraiths
  4 salamander mystics
  A sixfirhy (Abyss:3)
  A flayed ghost (WizLab)
  A spark wasp zombie (WizLab)
  28 sea snakes
  38 deep trolls
  8 deep elf archers
  7 naga ritualists
  2 glowing orange brains
  13 wizards
  A spectral wolf spider (WizLab)
  35 harpies
  16 ironbound convokers
  A lindwurm (shapeshifter) (D:15)
  11 phantasmal warriors
  2 necromancers
  8 orc knights
  26 deep elf zephyrmancers
  A mana viper (shapeshifter) (Vaults:4)
  11 mana vipers
  8 lindwurms
  7 cyclopes
  6 orc sorcerers
  31 ugly things
  A tengu skeleton (Vaults:1)
  19 deep elf pyromancers
  6 fauns
  2 spectral spriggans (WizLab)
  11 salamanders
  15 elephants
  A wolf spider zombie (WizLab)
  6 large abominations
  8 merfolk sirens
  10 starcursed masses (Abyss:3)
  17 manticores
  17 vault sentinels
  21 naga magi
  Joseph (D:10)
  39 black mambas
  2 guardian serpents (Snake:4)
  An eye of devastation (Lair:5)
  A smoke demon (Abyss:3)
  3 water nymphs
  An orange demon (Abyss:3)
  13 cane toads
  2 rime drakes
  3 freezing wraiths
  22 yaktaurs
  Psyche (D:9)
  2 human zombies (Vaults:1)
  2 unseen horrors
  10 komodo dragons
  A tengu conjurer (D:15)
  4 very ugly thing simulacra (IceCv)
  6 entropy weaver simulacra (IceCv)
  2 ancient zymes (Abyss:3)
  A harpy zombie (WizLab)
  33 merfolk
  A queen bee (Abyss:3)
  12 meliai
  5 trolls
  Grinder (D:4)
  A jumping spider (Vaults:2)
  17 blink frogs
  10 wind drakes
  2 polar bears
  Prince Ribbit (D:9)
  50 slime creatures
  A raiju (Abyss:3)
  A spriggan zombie (WizLab)
  8 snapping turtles
  9 dream sheep
  15 flying skulls (WizLab)
  4 air elementals
  A redback (Vaults:2)
  3 wraiths
  2 ynoxinuls (Abyss:3)
  6 water elementals
  3 wyverns
  2 spriggans
  A tarantella (Vaults:2)
  A yak (shapeshifter) (Elf:2)
  56 yaks
  5 basilisks
  A neqoxec (Abyss:3)
  A steam dragon (D:7)
  A chaos spawn (Abyss:3)
  Menkaure (D:4)
  17 wargs
  Edmund (D:5)
  60 nagas
  3 demonic crawler simulacra (IceCv)
  A floating eye (Lair:5)
  14 water moccasins
  36 orc warriors
  4 black bears
  A hornet zombie (D:7)
  2 ice beasts
  A necrophage (D:4)
  9 ogres
  2 sky beasts (D:5)
  6 ugly thing simulacra (IceCv)
  12 wolves
  3 boggarts (Vaults:2)
  15 centaurs
  4 kobold brigands
  4 elf zombies (Elf:1)
  3 small abominations (Abyss:3)
  A wyvern zombie (D:6)
  3 earth elementals
  7 bullfrogs
  A gnoll sergeant (D:8)
  2 human skeletons (Vaults:1)
  8 killer bees
  3 electric eels (Lair:1)
  4 centaur zombies
  2 hounds
  4 quasits (D:6)
  36 orc priests
  3 jellies
  A bullfrog skeleton (D:5)
  3 gnoll shamans
  An iron imp (Abyss:3)
  2 centaur skeletons
  An iguana (D:5)
  Ijyb (D:4)
  21 orc wizards
  2 human simulacra (D:9)
  Robin (D:2)
  A howler monkey skeleton (D:6)
  14 gnolls
  5 adders
  A shadow imp (Abyss:3)
  3 ufetubi
  2 worms
  4 dart slugs
  114 orcs
  9 ball pythons
  10 endoplasms
  15 goblins
  11 hobgoblins
  2 jackals (D:2)
  5 quokkas
  5 bats
  5 frilled lizards
  30 kobolds
  5 rats
  4 bushes
  2 tentacles (Shoals:4)
1761 creatures vanquished.

Vanquished Creatures (collateral kills)
  A storm dragon (Vaults:5)
  Ilsuiw (Shoals:2)
  An orc warlord (Orc:2)
  A frost giant (Shoals:2)
  2 dire elephants
  A hydra (Lair:6)
  A great orb of eyes (D:15)
  A wretched star (Abyss:3)
  2 sea snakes (Shoals:1)
  2 mana vipers (Snake:2)
  2 ugly things (D:15)
  A salamander (Snake:2)
  A black mamba (Snake:2)
  A molten gargoyle (Lair:1)
  A naga mage (Snake:3)
  2 komodo dragons
  2 merfolk (Shoals:2)
  A snapping turtle (Shoals:2)
  2 yaks (Lair:6)
  18 foxfires
44 creatures vanquished.

Vanquished Creatures (others)
  An ogre mage (Vaults:5)
  An ugly thing simulacrum (IceCv)
  An orc (Orc:2)
  7 demonic plants (Abyss:3)
  2504 foxfires
  14 fungi
  A lurking horror (Abyss:3)
  196 plants
  2 starspawn tentacles (Abyss:3)
  6 tentacles (Shoals:4)
2733 creatures vanquished.

Grand Total: 4538 creatures vanquished

Notes
Turn   | Place    | Note
-------+----------+-------------------------------------------
     0 | D:1      | Essalna the Demonspawn Fire Elementalist began the quest
                  | for the Orb.
     0 | D:1      | Reached XP level 1. HP: 13/13 MP: 3/3
   175 | D:1      | Found Wice's Jewellery Boutique.
   189 | D:1      | Gained mutation: A weak demonic guardian rushes to your
                  | aid. [demonic ancestry]
   189 | D:1      | Reached XP level 2. HP: 19/19 MP: 5/5
   856 | D:2      | Noticed Robin
   861 | D:1      | Reached XP level 3. HP: 24/24 MP: 6/6
   991 | D:2      | Killed Robin
  1385 | D:2      | Reached XP level 4. HP: 27/30 MP: 8/8
  1529 | D:2      | Found an opulent altar of Gozag.
  1830 | D:2      | Reached skill level 3 in Spellcasting
  1889 | D:2      | Found Pexzog's Jewellery Boutique.
  2946 | D:3      | Learned a level 2 spell: Scorch
  2951 | D:3      | Learned a level 4 spell: Flame Wave
  3283 | D:4      | Noticed Ijyb
  3300 | D:4      | Killed Ijyb
  3301 | D:4      | Gained mutation: A demonic guardian rushes to your aid.
                  | [demonic ancestry]
  3301 | D:4      | Reached XP level 5. HP: 33/35 MP: 0/9
  3414 | D:4      | Noticed Menkaure
  3427 | D:4      | Killed Menkaure
  3604 | D:4      | Gained mutation: A meltable shield of frost defends you.
                  | (SH +4) [demonic ancestry]
  3604 | D:4      | Reached XP level 6. HP: 41/41 MP: 4/11
  3730 | D:4      | Noticed Grinder
  3736 | D:4      | Killed Grinder
  3737 | D:4      | Reached skill level 4 in Spellcasting
  4089 | D:4      | Gained mutation: You have large cloven feet. [demonic
                  | ancestry]
  4089 | D:4      | Reached XP level 7. HP: 46/46 MP: 6/13
  4603 | D:5      | Entered Level 5 of the Dungeon
  4685 | D:5      | Noticed Edmund
  4710 | D:5      | Reached skill level 5 in Fire Magic
  4727 | D:5      | You fall into a shaft and drop 2 floors!
  4977 | D:7      | Noticed a steam dragon
  4984 | D:7      | Killed a steam dragon
  4985 | D:7      | Reached skill level 5 in Conjurations
  5106 | D:7      | Reached skill level 1 in Fighting
  5106 | D:7      | Reached skill level 1 in Shields
  5106 | D:7      | Reached skill level 5 in Spellcasting
  5120 | D:7      | Reached XP level 8. HP: 6/54 MP: 0/15
  5585 | D:7      | Found a broken altar of Ashenzari.
  5956 | D:6      | Found a snail-covered altar of Cheibriados.
  6236 | D:5      | Found a hazy altar of Hepliaklqana.
  6236 | D:5      | Found an ancient bone altar of Kikubaaqudgha.
  6238 | D:5      | Found a radiant altar of Vehumet.
  6270 | D:5      | Found an opulent altar of Gozag.
  6372 | D:5      | Became a worshipper of Vehumet
  6651 | D:6      | Gained mutation: A meltable icy envelope protects you from
                  | harm. (AC +8) [demonic ancestry]
  6651 | D:6      | Reached XP level 9. HP: 64/64 MP: 10/17
  7070 | D:6      | Reached skill level 6 in Spellcasting
  7167 | D:5      | Found a staircase to the Ecumenical Temple.
  7326 | D:5      | Killed Edmund
  7796 | D:6      | Reached * piety under Vehumet
  7796 | D:6      | Offered knowledge of Sandblast by Vehumet.
  7862 | D:6      | Found a transporter.
  7866 | D:6      | Noticed MacCMillion's ghost (novice TrMo)
  7904 | D:6      | Found a transporter.
  7935 | D:6      | Killed MacCMillion's ghost
  8396 | D:7      | Reached skill level 5 in Fighting
  8761 | D:8      | Found a stormy altar of Qazlal.
  9008 | D:8      | Noticed a five-headed hydra
  9015 | D:8      | Killed a five-headed hydra
  9016 | D:8      | Reached skill level 7 in Spellcasting
  9016 | D:8      | Reached XP level 10. HP: 75/75 MP: 12/20
  9079 | D:8      | Noticed Erica
  9089 | D:8      | Killed Erica
  9509 | D:9      | Offered knowledge of Static Discharge by Vehumet.
  9513 | D:9      | Reached ** piety under Vehumet
  9848 | D:9      | Found a shimmering blue altar of Sif Muna.
  9983 | D:9      | Noticed Prince Ribbit
  9988 | D:9      | Killed Prince Ribbit
  9995 | D:9      | Reached skill level 8 in Spellcasting
 10041 | D:9      | Noticed a two-headed ogre
 10057 | D:9      | Killed a two-headed ogre
 10286 | D:9      | Gained mutation: You are partially covered in thin metallic
                  | scales. (AC +2) [demonic ancestry]
 10286 | D:9      | Reached XP level 11. HP: 79/84 MP: 14/23
 10286 | D:9      | Offered knowledge of Frozen Ramparts by Vehumet.
 10365 | D:9      | Noticed Psyche
 10368 | D:9      | Killed Psyche
 10630 | D:9      | Found a hide-covered altar of Uskayaw.
 10697 | D:9      | Found a staircase to the Orcish Mines.
 10703 | D:9      | Reached *** piety under Vehumet
 11091 | D:10     | Entered Level 10 of the Dungeon
 11206 | D:10     | Found Kappyd's Antique Armour Boutique.
 11421 | D:10     | Found a staircase to the Lair.
 11464 | D:10     | Noticed Joseph
 11477 | D:10     | Killed Joseph
 11567 | D:10     | Offered knowledge of Dazzling Flash by Vehumet.
 11570 | D:10     | Noticed Sonja
 11573 | D:10     | Killed Sonja
 11707 | D:10     | Identified the +10 flail "Dragonslayer" {elec, +Blink rPois
                  | Str-5 Int+5}
 11920 | D:10     | Noticed a two-headed ogre
 11924 | D:10     | Killed a two-headed ogre
 12104 | D:11     | Found Zudustrau's Magic Scroll Emporium.
 12112 | D:11     | Noticed a fire dragon
 12148 | Lair:1   | Entered Level 1 of the Lair of Beasts
 12282 | Lair:1   | Reached skill level 9 in Spellcasting
 12424 | Lair:1   | Reached **** piety under Vehumet
 12582 | Lair:1   | Offered knowledge of Fireball by Vehumet.
 12583 | Lair:1   | Reached skill level 10 in Conjurations
 12583 | Lair:1   | Gained mutation: You are mostly covered in thin metallic
                  | scales. (AC +3) [demonic ancestry]
 12583 | Lair:1   | Reached XP level 12. HP: 82/94 MP: 23/25
 12839 | Lair:1   | Found a dark tunnel.
 13140 | Lair:1   | Reached skill level 1 in Armour
 13143 | Lair:1   | Reached skill level 10 in Fire Magic
 13651 | Lair:2   | Identified the +1 plate armour of Bieg {Str+4 Dex+3}
 14347 | Lair:2   | Found a staircase to the Snake Pit.
 14409 | Lair:2   | Reached skill level 10 in Spellcasting
 14504 | Lair:2   | Noticed a boulder beetle
 14520 | Lair:2   | Killed a boulder beetle
 14926 | Lair:3   | Noticed an eight-headed hydra
 14935 | Lair:3   | Killed an eight-headed hydra
 15018 | Lair:3   | Noticed an eight-headed hydra
 15022 | Lair:3   | Reached ***** piety under Vehumet
 15022 | Lair:3   | Offered knowledge of Hailstorm by Vehumet.
 15027 | Lair:3   | Killed an eight-headed hydra
 15477 | Lair:4   | Noticed Nessos
 15541 | Lair:4   | Noticed a catoblepas
 15554 | Lair:4   | Killed a catoblepas
 15555 | Lair:4   | Gained mutation: You have hoof-like feet. [demonic
                  | ancestry]
 15555 | Lair:4   | Reached XP level 13. HP: 81/103 MP: 17/27
 15615 | Lair:4   | Found a staircase to the Shoals.
 15634 | Lair:4   | Reached skill level 10 in Fighting
 16353 | Lair:5   | Found a staircase to the Slime Pits.
 16937 | Lair:6   | Entered Level 6 of the Lair of Beasts
 16984 | Lair:6   | Offered knowledge of Freezing Cloud by Vehumet.
 16997 | Lair:6   | Reached skill level 5 in Dodging
 17409 | Lair:6   | Reached skill level 5 in Armour
 17436 | Lair:6   | Learned a level 7 spell: Ozocubu's Refrigeration
 17548 | Lair:6   | Reached skill level 11 in Spellcasting
 17801 | Lair:6   | Reached skill level 1 in Ice Magic
 18136 | Lair:6   | Noticed a dire elephant
 18144 | Lair:6   | Killed a dire elephant
 18330 | Lair:6   | Reached XP level 14. HP: 113/113 MP: 24/29
 19045 | Orc:1    | Entered Level 1 of the Orcish Mines
 19045 | Orc:1    | Found Oqi Gok's CLEARANCE SALE!.
 19245 | Orc:2    | Entered Level 2 of the Orcish Mines
 19532 | Orc:2    | Noticed Erolcha
 19545 | Orc:2    | Killed Erolcha
 19924 | Orc:2    | Offered knowledge of Spellforged Servitor by Vehumet.
 20042 | Orc:2    | Found Vuzap's Magic Scroll Boutique.
 20072 | Orc:2    | Noticed an orc warlord
 20087 | Orc:2    | Killed an orc warlord
 20168 | Orc:2    | Found a staircase to the Elven Halls.
 20386 | Orc:2    | Noticed Urug
 20398 | Orc:2    | Killed Urug
 20438 | Orc:2    | Paralysed by an orc sorcerer for 2 turns
 20774 | Orc:2    | Reached skill level 12 in Spellcasting
 21105 | Orc:2    | Reached skill level 5 in Ice Magic
 21265 | Orc:2    | Found Hasiv's Weapon Emporium.
 21265 | Orc:2    | Found Vuhomut's Book Boutique.
 21322 | Orc:2    | Found Geabe's General Store.
 21322 | Orc:2    | Found Favoag's Book Emporium.
 21337 | Orc:2    | Bought a book of Fire for 660 gold pieces
 21344 | Orc:2    | Learned a level 6 spell: Starburst
 21691 | Snake:1  | Entered Level 1 of the Snake Pit
 21861 | Snake:1  | Found a frozen archway.
 21885 | IceCv    | Entered an ice cave
 21972 | IceCv    | Noticed a quicksilver ooze
 21976 | IceCv    | Killed a quicksilver ooze
 22084 | IceCv    | Noticed a quicksilver ooze
 22094 | IceCv    | Killed a quicksilver ooze
 22263 | IceCv    | Noticed a quicksilver ooze
 22335 | IceCv    | Noticed a quicksilver ooze
 22347 | IceCv    | Killed a quicksilver ooze
 22824 | IceCv    | Noticed an azure jelly
 22832 | IceCv    | Killed an azure jelly
 22964 | IceCv    | Noticed a rockslime
 23125 | Snake:1  | Found Meseilam's Jewellery Boutique.
 23125 | Snake:1  | Found Rist's Assorted Antiques.
 23204 | Snake:1  | Bought a ring of wizardry for 390 gold pieces
 23281 | Snake:1  | Gained mutation: You have hooves in place of feet. [demonic
                  | ancestry]
 23281 | Snake:1  | Reached XP level 15. HP: 26/122 MP: 19/31
 23568 | Snake:1  | Noticed Agnes
 23576 | Snake:1  | Killed Agnes
 23576 | Snake:1  | Offered knowledge of Orb of Destruction by Vehumet.
 24135 | Snake:2  | Reached skill level 13 in Spellcasting
 24924 | Snake:2  | You fall into a shaft and drop 1 floor!
 26351 | Snake:2  | Identified the +9 shortbow of Descent {vorpal, rF+ rC++
                  | Will-}
 26675 | Shoals:1 | Entered Level 1 of the Shoals
 26675 | Shoals:1 | Found Tahacoax's Magic Scroll Boutique.
 27241 | Shoals:1 | Identified the +10 quick blade "Trog's Outrage" {vorpal,
                  | rPois}
 27276 | Shoals:1 | Reached skill level 14 in Spellcasting
 27459 | Shoals:1 | Gained mutation: A powerful demonic guardian rushes to your
                  | aid. [demonic ancestry]
 27459 | Shoals:1 | Reached XP level 16. HP: 134/134 MP: 34/34
 27664 | Shoals:1 | Offered knowledge of Iron Shot by Vehumet.
 27672 | Shoals:1 | Learned a level 6 spell: Iron Shot
 27786 | Shoals:1 | Cast into level 3 of the Abyss (merfolk impaler)
 27850 | Abyss:3  | Gained mutation: You are clumsy. (Dex -2) [a neqoxec]
 27908 | Abyss:3  | Noticed a lich
 28039 | Abyss:3  | Noticed a tentacled starspawn
 28046 | Abyss:3  | Killed a tentacled starspawn
 28098 | Shoals:1 | Escaped the Abyss
 28099 | Shoals:1 | HP: 5/134 [merfolk impaler (17)]
 28099 | Shoals:1 | HP: 1/134 [merfolk impaler (4)]
 28543 | Shoals:1 | Cast into level 3 of the Abyss (merfolk impaler)
 28550 | Abyss:3  | Reached skill level 15 in Fighting
 28550 | Abyss:3  | Reached skill level 10 in Ice Magic
 28563 | Abyss:3  | Got an abyssal rune of Zot
 28676 | Abyss:3  | Noticed a lich
 28736 | Shoals:1 | Escaped the Abyss
 29264 | Shoals:2 | Noticed Ilsuiw
 29273 | Shoals:2 | Killed Ilsuiw
 29980 | Shoals:2 | Reached ****** piety under Vehumet
 30047 | Shoals:2 | Offered knowledge of Iskenderun's Battlesphere by Vehumet.
 30164 | Shoals:2 | Reached skill level 15 in Spellcasting
 30636 | Shoals:2 | Identified a scroll of acquirement
 30636 | Shoals:2 | Acquired a book of Ice
 30959 | Shoals:2 | Noticed a titan
 30984 | Shoals:2 | Killed a titan
 30985 | Shoals:2 | Reached XP level 17. HP: 31/144 MP: 36/36
 31627 | Shoals:3 | Noticed Mlioglotl
 31639 | Shoals:4 | Entered Level 4 of the Shoals
 31859 | Shoals:4 | Noticed Louise
 31874 | Shoals:4 | Killed Louise
 31999 | Shoals:4 | Learned a level 2 spell: Sublimation of Blood
 32005 | Shoals:4 | Noticed a kraken
 32015 | Shoals:4 | Killed a kraken
 32253 | Shoals:4 | Reached skill level 1 in Necromancy
 32720 | Shoals:4 | Got a barnacled rune of Zot
 32973 | Shoals:4 | Noticed Mara
 33182 | Shoals:4 | Offered knowledge of Eringya's Noxious Bog by Vehumet.
 33308 | Shoals:4 | Noticed Essalna's illusion
 33310 | Shoals:4 | Killed Mara
 33399 | Shoals:4 | Identified the +9 plate armour of Somewhere Else {rElec
                  | Str-4 SInv Stlth+}
 34051 | Shoals:3 | Killed Mlioglotl
 34753 | D:11     | Found Toniseed's Jewellery Emporium.
 34827 | D:11     | Identified the +1 leather armour "Voifa" {Str+2 Int-5 Dex+3
                  | Stlth+}
 34946 | D:11     | Bought a scroll of acquirement for 884 gold pieces
 34946 | D:11     | Acquired a +0 buckler of positive energy
 35054 | D:11     | You fall into a shaft and drop 2 floors!
 35213 | D:13     | Reached skill level 16 in Spellcasting
 35382 | D:12     | Noticed Fannar
 35391 | D:12     | Killed Fannar
 35780 | D:12     | Offered knowledge of Lehudib's Crystal Spear by Vehumet.
 35780 | D:12     | Offered knowledge of Fire Storm by Vehumet.
 35780 | D:12     | Offered knowledge of Shatter by Vehumet.
 35964 | D:13     | Reached skill level 5 in Necromancy
 36037 | D:13     | Gained mutation: A meltable icy envelope protects you from
                  | harm. (AC +8) [demonic ancestry]
 36037 | D:13     | Reached XP level 18. HP: 153/153 MP: 34/38
 36579 | D:14     | Found an opulent altar of Gozag.
 36891 | D:14     | Found a runed translucent door.
 36891 | D:14     | Noticed Tioph's ghost (journeyman DEFE)
 37081 | D:14     | Found a gate to the Vaults.
 37750 | D:14     | Killed Tioph's ghost
 37802 | D:15     | Entered Level 15 of the Dungeon
 38177 | D:15     | Acquired the +3 Elemental Staff {rElec rF++ rC++ AC+5}
 38177 | D:15     | Found the +3 Elemental Staff {rElec rF++ rC++ AC+5}
 38865 | D:15     | Found a staircase to the Depths.
 40604 | Snake:4  | Entered Level 4 of the Snake Pit
 40857 | Snake:4  | Noticed Vashnia
 40870 | Snake:4  | Killed Vashnia
 41704 | Snake:4  | Identified the +1 pair of gloves of Classification {rElec
                  | Will+ Str+2 Dex-4}
 41927 | Snake:4  | Gained mutation: You are completely covered in thin
                  | metallic scales. (AC +4, rElec) [demonic ancestry]
 41927 | Snake:4  | Reached XP level 19. HP: 148/161 MP: 39/39
 42714 | Snake:4  | Got a serpentine rune of Zot
 43791 | Elf:1    | Entered Level 1 of the Elven Halls
 43804 | Elf:1    | Reached skill level 17 in Spellcasting
 44155 | Elf:1    | You fall into a shaft and drop 1 floor!
 44448 | Elf:1    | Got the Volume of Sinister Magic
 44975 | Elf:1    | Identified the +2 ring mail of Ixkai {rPois Dex+4}
 45006 | Elf:1    | Identified the +0 pair of boots of the Harvest Moon {rPois
                  | rC+++ Int-2}
 45033 | Elf:1    | Got the Collected Works on Arcane Weapons
 45546 | Elf:2    | Found a runed translucent gate.
 45546 | Elf:2    | Found a runed translucent gate.
 45555 | Elf:2    | Found a runed translucent gate.
 45675 | Elf:2    | Found Norhuz's General Store.
 45960 | Elf:3    | Entered Level 3 of the Elven Halls
 46020 | Elf:3    | Paralysed by an air elemental for 1 turns
 46654 | Elf:3    | Identified the ring of Makhleb's Pride {Fire Contam rN++
                  | Dex+5}
 46657 | Elf:3    | Reached skill level 10 in Necromancy
 46836 | Elf:3    | Identified the ring "Ziesoedi" {Int+4 SInv}
 46903 | Elf:3    | Identified the +10 great sword "Caestrewo" {venom, Will-
                  | rCorr Int+4}
 46946 | Elf:3    | Paralysed by an air elemental for 1 turns
 46973 | Elf:3    | Identified the ring "Roboeg" {rF+ Str+6}
 47107 | Elf:3    | Reached XP level 20. HP: 132/172 MP: 29/41
 47538 | Elf:3    | Identified the +0 kite shield "Romum" {rElec rC+}
 47550 | Elf:3    | Identified the +11 chain mail "Enea" {Int+3}
 47552 | Elf:3    | Identified the +4 scale mail of Vuil {Harm +Inv Dex-2}
 47829 | Elf:3    | Found Xidi's Weapon Shoppe.
 47836 | Elf:3    | Identified the +6 scale mail of Gemiew {Regen+ Int+6 Slay-6
                  | Stlth+}
 49358 | Vaults:1 | Entered Level 1 of the Vaults
 49396 | Vaults:1 | Reached skill level 18 in Spellcasting
 51205 | Vaults:2 | Noticed Jory
 51216 | Vaults:2 | Killed Jory
 51330 | Vaults:2 | Found a magical portal.
 51345 | WizLab   | Entered Borgnjor's Mausoleum
 51355 | WizLab   | Learned a level 8 spell: Ignition
 51387 | WizLab   | Reached skill level 15 in Ice Magic
 51540 | WizLab   | Reached XP level 21. HP: 180/180 MP: 38/43
 51673 | WizLab   | Reached skill level 15 in Fire Magic
 51802 | WizLab   | Reached skill level 19 in Spellcasting
 52192 | WizLab   | Got Borgnjor's Papyrus of Sinister Rites
 53784 | Vaults:3 | Found Ynaic's Antique Weapon Boutique.
 55286 | Vaults:3 | Found a staircase to the Crypt.
 55709 | Vaults:4 | Reached skill level 20 in Spellcasting
 55940 | Vaults:4 | Noticed Saint Roka
 55944 | Vaults:4 | Reached XP level 22. HP: 165/190 MP: 44/46
 55945 | Vaults:4 | Killed Saint Roka
 56072 | Vaults:4 | Found Futearoe's Armour Shoppe.
 56753 | Vaults:4 | Found a portal to a secret trove of treasure.
 57122 | Vaults:5 | Entered Level 5 of the Vaults
 57130 | Vaults:5 | Noticed a golden dragon
 57322 | Vaults:5 | Killed a golden dragon
 57485 | Vaults:5 | Noticed a dread lich
 57492 | Vaults:5 | Reached skill level 21 in Spellcasting
 57497 | Vaults:5 | Noticed an ancient lich
 57499 | Vaults:5 | Killed a dread lich
 57500 | Vaults:5 | Shot with a bolt by something

Illustrated notes

Levels and vault maps discovered:
D:1:      dpeg_arrival_shrine, layout_loops_ring, serial_shops,
          nicolae_shop_waterfront
D:2:      layout_loops_ring, basic_altar, serial_shops, shop, hex_medium,
          uniq_robin
D:3:      layout_loops_ring, grunt_ministairs_9
D:4:      layout_layer_cave, uniq_ijyb, uniq_grinder, uniq_menkaure
D:5:      layout_rooms, nicolae_overflow_quartered_altars,
          minmay_temple_entry_tees, minmay_hedge_maze, uniq_edmund
D:6:      layout_basic, mainiacjoe_overflow_chevrons, gammafunk_ghost_stat_death
D:7:      layout_loops_ring, ashenzari_conservatory_becter, grunt_ministairs_1
D:8:      layout_loops_ring, nicolae_qazlal_general_emergency, uniq_erica
D:9:      layout_rooms, eat_drink_and_be_merry_uskayaw,
          mainiacjoe_overflow_small_starburst, orc_0_dummy,
          serial_co_window_serial, co_window_corner_a, co_window_corner_a,
          co_window_paths_b, co_window_paths_b, co_window_paths_a,
          co_window_broadway_a, co_window_corner_b, co_window_of_opportunity_b,
          co_window_unsneaky_path_b, co_window_corner_b, co_window_paths_d,
          co_window_paths_e, glass_columns_b, bh_circular_ruins,
          uniq_prince_ribbit1, uniq_psyche
D:10:     layout_irregular_city, lair_entry_dummy, serial_shops, shop,
          uniq_joseph, uniq_sonja
D:11:     layout_roguey, serial_shops, nicolae_stop_n_shop_2,
          corexii_corridor_pit, nicolae_stop_n_shop_2, uniq_josephine
D:12:     layout_roguey [special_room_orc], uniq_fannar
D:13:     layout_gridville, minmay_orc_keep
D:14:     layout_roguey, lightli_vaults_fourway_checkpoint,
          minmay_misc_feat_nine_boxes, hellmonk_ghost_happy_afterlife,
          grunt_gozag_breadcrumbs
D:15:     gammafunk_enter_depths_forms, layout_rooms, minmay_splitting_lines
Lair:1:   layout_roguey, enter_volcano_2, amcnicky_mini_pool_medium,
          grunt_megastairs_1, serial_bayou_shore_b, serial_bayou_shore_a
Lair:2:   layout_cellular_growth, guppyfry_snake_entry_island
Lair:3:   layout_hall_layers
Lair:4:   layout_hall_layers, shoals_dummy_entry, grunt_forest_stairs_clearing,
          uniq_nessos
Lair:5:   layout_small_grid, minmay_slime_entry_eyes
Lair:6:   grunt_lair_end_beastmaster, layout_hall_layers,
          grunt_forest_large_clearing_hut, grunt_megastairs_4
Shoals:1: cheibrodos_shoals_three_sisters, layout_shoals, serial_shops, shop,
          nicolae_shoals_water_booths
Shoals:2: cheibrodos_shoals_gigantism, layout_shoals, uniq_ilsuiw
Shoals:3: layout_shoals, nicolae_shoals_lost_giant_hut,
          nicolae_shoals_arrival_archipelago, uniq_mlioglotl
Shoals:4: shoals_end_simple, layout_shoals, uniq_louise, uniq_mara
Snake:1:  layout_misc_corridors, portal_ice_cave_entry_pillars_three,
          minmay_shoptagon, uniq_agnes
Snake:2:  layout_onion, nicolae_snake_snakewalk
Snake:3:  layout_cave_shapes
Snake:4:  minmay_snake_end_coiled, layout_chambers, uniq_vashnia
Orc:1:    layout_caves, nicolae_shop_clearance
Orc:2:    st_orc_town, layout_diamond_mine, serial_shops, nicolae_diamond_shop,
          mines2_david, uniq_erolcha, uniq_urug
Elf:1:    nicolae_elf_arrival_no_cutting_in_line, layout_gridlike,
          minmay_elf_necromancy, minmay_elf_annihilation
Elf:2:    elven_hall_of_blades_hangedman_original
          [nicolae_blade_entry_pointy_end], layout_gridlike, serial_shops,
          nicolae_square_shop
Elf:3:    minmay_elf_hall_curves, layout_geoelf_grid, serial_shops, shop,
          serial_sigils, serial_sigils_hangedman_carve,
          serial_sigils_hangedman_shear, serial_sigils_hangedman_gut,
          serial_sigils_hangedman_snap
Vaults:1: v_misc_33, vaults_dpeg_ring, st_more_cells,
          nicolae_vaults_yaktaur_gun_rack,
          vaults_standard_mumra_enter_the_diamond, v_misc_13,
          nicolae_vaults_asterisk, nicolae_vaults_rhombus_7,
          hangedman_vaults_trim, vaults_mumra_hex, vaults_dpeg_encased_lava,
          nicolae_vaults_network_s, ontoclasm_vaults_ligature,
          layout_vaults_omnicross
Vaults:2: infiniplex_enter_wizlab_water, nicolae_vaults_quartermaster,
          nicolae_vaults_alarming, v_pattern_3, hangedman_vaults_corner_blocks,
          vaults_room_hallway, layout_vaults_omnigrid, uniq_jory
Vaults:3: hangedman_vaults_cutoff, hangedman_vaults_hard_town_square,
          vaults_dpeg_spiral, v_misc_27, v_alt_pattern_1, grunt_vaults_swirl,
          minmay_crypt_entry_nasty_monster, grunt_vaults_hallway_long,
          vaults_room_large_hall, hangedman_vaults_stretched_pinwheel,
          vaults_mumra_hexcomb, vaults_dpeg_cross, ontoclasm_vaults_idyll,
          layout_vaults_maze, serial_shops, shop
Vaults:4: nicolae_vaults_circle_grid_b, ontoclasm_vaults_ring_large,
          nicolae_vaults_back_hallway, nicolae_vaults_triangles,
          ontoclasm_vaults_ring_large, vaults_room_semicircle,
          vaults_room_semicircle, dpeg_vaults_monster_box,
          nicolae_vaults_ring_of_whatevers, layout_vaults_chaotic_city,
          enter_trove_5, uniq_saint_roka
Vaults:5: serial_shops

Skill      XL: |  1  2  3  4  5  6  7  8  9 10 11 12 13 14 15 16 17 18 19 20 21 22 |
---------------+-------------------------------------------------------------------+-----
Fire Magic     | 3 4 5 6 7 8 9 10 11 12 13 14 15 16 | 16.6
Conjurations   | 2 3 4 5 6 7 8 10 11 | 11.0
Spellcasting   | 3 4 5 7 8 9 10 11 12 14 15 16 17 18 20 21 | 21.2
Fighting       | 1 3 5 7 8 9 11 12 14 15 16 17 18 19 20 | 20.5
Shields        | 1 3 4 |  4.0
Dodging        | 3 6 |  6.0
Armour         | 3 5 |  5.1
Ice Magic      | 2 6 9 11 12 13 14 15 16 | 16.7
Necromancy     | 5 8 10 11 13 14 | 14.2
Stealth        | |  1.7

Action                   |  1- 3 |  4- 6 |  7- 9 | 10-12 | 13-15 | 16-18 | 19-21 | 22-24 || total
-------------------------+-------+-------+-------+-------+-------+-------+-------+-------++-------
Melee: Spear             |    69 |    40 |    42 |    28 |       |       |       |       ||   179
       Kick              |       |       |     9 |    10 |    11 |     7 |    21 |     3 ||    61
       Flail             |       |       |       |     4 |    47 |    17 |       |       ||    68
       Staff             |       |       |       |       |       |     6 |    81 |     5 ||    92
 Cast: Foxfire           |    31 |    85 |   163 |   191 |   684 |   269 |    40 |       ||  1463
       Scorch            |       |     1 |    39 |    81 |   191 |   193 |    19 |       ||   524
       Flame Wave        |       |       |    14 |    53 |    98 |    39 |    34 |     1 ||   239
       Starburst         |       |       |       |       |    21 |    41 |    69 |     8 ||   139
       Ozocubu's Refrige |       |       |       |       |    54 |   304 |   425 |    79 ||   862
       Iron Shot         |       |       |       |       |       |     1 |    83 |     7 ||    91
       Ignition          |       |       |       |       |       |       |     3 |     3 ||     6
Evoke: Wand              |       |       |       |     4 |     4 |     2 |       |       ||    10
  Use: Scroll            |       |       |    11 |     3 |     5 |    20 |     3 |     1 ||    43
       Potion            |       |       |       |       |     4 |    10 |     1 |     1 ||    16
 Stab: Sleeping          |    10 |     5 |     2 |       |       |       |       |       ||    17
Armor: Robe              |    19 |     2 |    39 |    78 |   166 |   109 |    21 |       ||   434
       Scale mail        |       |       |       |       |       |       |   170 |    36 ||   206
Dodge: Dodged            |    24 |    13 |    51 |    77 |   202 |   182 |   123 |    20 ||   692
Block: Other             |       |     2 |     4 |       |       |       |       |       ||     6
       Buckler           |       |       |    46 |    64 |   162 |   103 |   123 |    17 ||   515

Table legend: (Time is in decaauts)
 A = Elapsed time spent in this place.
 B = Non-inter-level travel time spent in this place.
 C = Inter-level travel time spent in this place.
 D = Time resting spent in this place.
 E = Time spent auto-exploring this place.
 F = Levels seen in this place.
 G = Mean time per level.
                   A        B        C        D        E       F      G
               +--------+--------+--------+--------+--------+-----+--------+
         Total |  57883 |  54433 |   3450 |   1446 |  43402 |  43 | 1346.1 |
       Dungeon |  17016 |  16000 |   1016 |    161 |  13562 |  15 | 1134.4 |
          Lair |   7427 |   6537 |    890 |    176 |   5316 |   6 | 1237.8 |
        Shoals |   7686 |   7323 |    363 |    422 |   5693 |   4 | 1921.5 |
     Snake Pit |   7950 |   7615 |    335 |    190 |   6273 |   4 | 1987.5 |
  Orcish Mines |   2632 |   2427 |    205 |      0 |   1779 |   2 | 1316.0 |
   Elven Halls |   5389 |   5137 |    252 |    279 |   3988 |   3 | 1796.3 |
        Vaults |   7231 |   6844 |    387 |    218 |   5359 |   5 | 1446.2 |
         Abyss |    491 |    491 |      0 |      0 |    100 |   2 |  245.5 |
      Ice Cave |   1119 |   1119 |      0 |      0 |    735 |   1 | 1119.0 |
        Wizlab |    938 |    938 |      0 |      0 |    596 |   1 |  938.0 |
               +--------+--------+--------+--------+--------+-----+--------+

Top non-repeatable levels by time:
 Snake:4: 2926 daAuts
Shoals:1: 2503 daAuts
Shoals:4: 2476 daAuts
   Orc:2: 2386 daAuts
 Snake:2: 2221 daAuts
   Elf:3: 2017 daAuts
   Elf:2: 2006 daAuts
  Lair:6: 1931 daAuts
Vaults:1: 1864 daAuts
Vaults:4: 1809 daAuts
Shoals:2: 1776 daAuts
Vaults:3: 1772 daAuts
     D:6: 1746 daAuts
     D:9: 1715 daAuts
  Lair:1: 1675 daAuts
